 Dungeon Crawl Stone Soup version 0.25.0-11-g1f837a76a1 (webtiles) character file.

Game seed: 4348574015541780726

56 Delamore the Cudgeler (level 3, -7/23 HPs)
             Began as a Gargoyle Fighter on June 26, 2020.
             Mangled by a hobgoblin
             ... wielding a +0 club
              (9 damage)
             ... on level 2 of the Dungeon.
             The game lasted 00:01:15 (1425 turns).

Delamore the Cudgeler (Gargoyle Fighter)            Turns: 1425, Time: 00:01:15

Health: -7/23      AC:  8    Str: 20    XL:     3   Next: 97%
Magic:  3/3        EV:  8    Int:  8    God:
Gold:   70         SH:  9    Dex:  9    Spells: 2/2 levels left

rFire    . . .     SeeInvis .   a - +0 flail
rCold    + . .     Gourm    .   c - +0 kite shield
rNeg     + . .     Faith    .   h - +2 leather armour {rC+}
rPois    ∞         Spirit   .   i - +0 hat
rElec    +         Reflect  .   (no cloak)
rCorr    .         Harm     .   (no gloves)
MR       .....                  (no boots)
Stlth    +.........             (no amulet)
HPRegen  0.07/turn              (no ring)
MPRegen  0.08/turn              (no ring)

@: mighty, brilliant, flying
A: negative energy resistance 1, electricity resistance, unbreathing,
petrification resistance, rot immunity, AC +3
a: no special abilities


You were on level 2 of the Dungeon.
You were not hungry.

You visited 1 branch of the dungeon, and saw 2 of its levels.

You collected 70 gold pieces.

Inventory:

Hand Weapons
 a - a +0 flail (weapon)
Armour
 b - a +0 scale mail
 c - a +0 kite shield (worn)
 h - a +2 leather armour of cold resistance (worn)
 i - a +0 hat (worn)
Scrolls
 j - 3 scrolls of identify {unknown}
 k - 2 scrolls of teleportation {unknown}
 l - 2 scrolls of immolation {unknown}
 m - a scroll of enchant armour {unknown}
Comestibles
 f - 3 rations
 g - 3 chunks of flesh


   Skills:
 - Level 3.2 Fighting
 + Level 4.1 Maces & Flails
 - Level 3.2 Armour
 - Level 3.2 Shields


You had 2 spell levels left.
You didn't know any spells.
Your spell library was empty.

Dungeon Overview and Level Annotations

Branches:
Dungeon (2/15)

Altars:

Annotations:
D:2 Robin


Innate Abilities, Weirdness & Mutations

You are resistant to torment.
Your stone body is resilient. (AC +3)
You are immune to poison.
You resist negative energy. (rN+)
You are resistant to electric shocks. (rElec)
You can survive without breathing.
You are immune to petrification.
You are immune to rotting.


Message History

You are too injured to fight recklessly!
You are too injured to fight recklessly!
It was a potion of flight.
You feel very buoyant.
You fly up into the air.
You block the hobgoblin's attack. You block the goblin's attack.
The goblin closely misses you. You block the hobgoblin's attack.
You block the goblin's attack.
Sorry, you're not good enough to have a special ability.
It was a potion of brilliance.
You feel clever all of a sudden. You block the hobgoblin's attack.
The goblin hits you but does no damage. The goblin barely misses you.
The hobgoblin hits you but does no damage.
The goblin hits you but does no damage.
You feel very mighty all of a sudden.
The goblin no longer looks unusually strong.
The hobgoblin no longer looks unusually strong.
The goblin no longer looks unusually strong.
The hobgoblin hits you with a +0 club!
You die...

#...###
.....#......#...#
............#...#
!!!..#......#...#
........!...###.#
..............#.#
......gg......#.#
.....gggg.....#.#
....ggg@g.....#.#
.....####.#÷###.#
... .........÷..#
# ######..#####
#<..# #...# #...#
#...# ..#.#


You could see Robin, 3 hobgoblins and 6 goblins.

Vanquished Creatures
  An ooze (D:2)
  A dart slug (D:1)
  9 bats
  5 giant cockroaches (D:1)
  8 goblins
  6 hobgoblins
  3 jackals (D:1)
  2 frilled lizards
  5 kobolds (D:1)
  3 rats
43 creatures vanquished.

Notes
Turn   | Place    | Note
-------+----------+-------------------------------------------
     0 | D:1      | Delamore the Gargoyle Fighter began the quest for the Orb.
     0 | D:1      | Reached XP level 1. HP: 14/14 MP: 1/1
    74 | D:1      | Reached XP level 2. HP: 17/19 MP: 2/2
   283 | D:1      | Reached skill level 3 in Maces & Flails
   506 | D:1      | Reached XP level 3. HP: 15/23 MP: 3/3
  1328 | D:2      | Reached skill level 4 in Maces & Flails
  1411 | D:2      | Noticed Robin
  1425 | D:2      | Mangled by a hobgoblin

Illustrated notes

Levels and vault maps discovered:
D:1:      heliophobic_arrival_dark_side_of_the_moon, layout_basic
D:2:      layout_basic, kennysheep_generic_room_8, uniq_robin,
          uniq_crazy_yiuf_cottage, uniq_terence

Skill      XL: |  1  2  3 |
---------------+----------+-----
Maces & Flails | 3 4 |  4.1
Fighting       | |  3.2
Armour         | |  3.2
Shields        | |  3.2

Action                   || total
-------------------------++-------
Melee: Flail             ||   204
  Use: Potion            ||     3
  Eat: Chunk             ||     2
Armor: Scale mail        ||    45
       Leather armour    ||    81
Dodge: Dodged            ||    96
Block: Kite shield       ||   151
